 Dungeon Crawl Stone Soup version 0.29.1-1-gd02db6906a (webtiles) character file.

Game seed: 288267581509814566

142 holycorn the Chopper (level 5, 0/70 HPs)
             Began as a Minotaur Berserker on Sept 21, 2022.
             Was a Believer of Trog.
             Slain by a scorpion (2 damage)
             ... on level 4 of the Dungeon.
             The game lasted 00:03:11 (2525 turns).

holycorn the Chopper (Minotaur Berserker)           Turns: 2525, Time: 00:03:12

Health: 0/70       AC:  2    Str: 24    XL:     5   Next: 4%
Magic:  4/4        EV: 12    Int:  4    God:    Trog [**....]
Gold:   214        SH:  0    Dex:  9    Spells: 4/4 levels left

rFire   . . .      SeeInvis .   a - +0 hand axe
rCold   . . .      Faith    .   (no shield)
rNeg    . . .      Spirit   .   b - +0 animal skin
rPois   .          Reflect  .   (helmet restricted)
rElec   .          Harm     .   (no cloak)
rCorr   .          Rampage  .   (no gloves)
Will    .....                   (no boots)
Stlth   ..........              (no amulet)
HPRegen 0.21/turn               (no ring)
MPRegen 0.09/turn               (no ring)

@: berserking, very quick
A: horns 2, retaliatory headbutt
a: Renounce Religion, Berserk, Trog's Hand


You were on level 4 of the Dungeon.
You worshipped Trog.
Trog was pleased with you.
You visited 1 branch of the dungeon, and saw 4 of its levels.

You collected 214 gold pieces.

Inventory:

Hand Weapons
 a - a +0 hand axe (weapon)
Armour
 b - a +0 animal skin (worn)
Wands
 j - a wand of charming (4)
Scrolls
 d - a scroll of teleportation
 f - a scroll of identify
 g - 2 scrolls of fog {unknown}
 i - a scroll of magic mapping {unknown}
Potions
 c - 2 potions of might
 e - a potion of brilliance
 h - 2 potions of invisibility
 k - a potion of attraction {unknown}


   Skills:
 + Level 4.8 Fighting
 * Level 6.0 Axes
 - Level 2.5 Armour
 - Level 2.4 Dodging


You had 4 spell levels left.
You didn't know any spells.
Your spell library was empty.

Dungeon Overview and Level Annotations

Branches:
Dungeon (4/15)
 Temple: D:4-7

Altars:
Okawaru
Vehumet


Innate Abilities, Weirdness & Mutations

You have a pair of horns on your head.
You reflexively headbutt those who attack you in melee.


Message History

You feel very sick. The scorpion stings you.
You are more poisoned.
The scorpion poisons you!
You see here a ball python corpse.
You hit the scorpion but do no damage.
The scorpion is lightly wounded.
You feel very sick.
The scorpion splashes around in the water.
You hit the scorpion but do no damage. Your headbutt misses the scorpion.
The scorpion is lightly wounded.
You feel very sick.
The scorpion splashes around in the water.
You feel very sick.
You feel very sick. The scorpion closely misses you.
The scorpion attacks as you move away!
The scorpion splashes around in the water.
You feel sick.
You feel sick.
You feel sick.
There is an open door here.
Okay, then.
You hit the scorpion.
The scorpion is lightly wounded.
You hit the plant.
The plant begins to die.
You feel sick.
You are no longer poisoned.
The scorpion closely misses you. You furiously retaliate!
You headbutt the scorpion. The scorpion closely misses you.
You hit the scorpion but do no damage. Your headbutt misses the scorpion.
The scorpion is lightly wounded.
You slash the plant!
The scorpion stings you but does no damage.
You barely miss the scorpion. Your headbutt misses the scorpion.
The scorpion is lightly wounded.
You hit the plant. The scorpion stings you.
* * * LOW HITPOINT WARNING * * *
A red film seems to cover your vision as you go berserk!
You feel yourself moving faster!
You feel mighty! The scorpion stings you.
You die...

#### ######### #
##..#####.......### .#
#...##..######....# ..##
####.......##~P♣##'###
....##..##..##..@P♣ #♣~~##
#...#...........#s♣#♣~♣♣~#
#.............##♣~♣~♣#♣~#
####..##.##....# #♣~~~♣#♣#
..###.#####....# #♣~♣~♣
....#..##....###~♣♣†♣#♣~#
.............# #~~♣# ~+
.............# #'## #
.............. ...


You could see a scorpion.

Vanquished Creatures
  An iguana (D:2)
  8 adders
  A dart slug (D:1)
  An orc (D:3)
  4 endoplasms
  2 giant cockroaches
  5 goblins
  A hobgoblin (D:4)
  3 jackals (D:4)
  6 kobolds
  A quokka (D:2)
  6 ball pythons
  3 bats
  A frilled lizard (D:2)
  3 rats
46 creatures vanquished.

Vanquished Creatures (others)
  A plant (D:4)
1 creature vanquished.

Grand Total: 47 creatures vanquished

Notes
Turn   | Place    | Note
-------+----------+-------------------------------------------
     0 | D:1      | holycorn the Minotaur Berserker began the quest for the
                  | Orb.
     0 | D:1      | Reached XP level 1. HP: 19/19 MP: 0/0
   111 | D:1      | Reached XP level 2. HP: 22/27 MP: 1/1
   338 | D:1      | Found a faded altar of an unknown god.
   513 | D:2      | Found an iron altar of Okawaru.
   529 | D:2      | Reached skill level 4 in Axes
  1023 | D:2      | Reached XP level 3. HP: 26/33 MP: 2/2
  1269 | D:2      | Reached skill level 5 in Axes
  1632 | D:3      | Reached XP level 4. HP: 41/41 MP: 3/3
  1783 | D:3      | Found a radiant altar of Vehumet.
  1793 | D:3      | Reached ** piety under Trog
  2467 | D:4      | Reached XP level 5. HP: 41/47 MP: 4/4
  2507 | D:4      | Reached skill level 6 in Axes
  2524 | D:4      | HP: 1/47 [scorpion (5)]
  2525 | D:4      | Slain by a scorpion

Illustrated notes

Levels and vault maps discovered:
D:1:      dpeg_arrival_erosion, layout_rooms,
          shapermc_ecumenical_altar_starsandcircs, kennysheep_decorative_pillar
D:2:      layout_basic, basic_altar
D:3:      layout_rooms, fiery_altar_vehumet, minmay_misc_feat_diagonals
D:4:      cheibrodos_old_hovel, layout_cave_pools, serial_shops, shop,
          saegor_snake_ambush

Skill      XL: |  1  2  3  4  5 |
---------------+----------------+-----
Fighting       | 4 |  4.8
Axes           | 4 5 6 |  6.0
Armour         | |  2.5
Dodging        | |  2.4

Action                   |  1- 3 |  4- 6 || total
-------------------------+-------+-------++-------
Melee: Hand axe          |    48 |    61 ||   109
       Headbutt          |     7 |     7 ||    14
       Punch             |     1 |       ||     1
Invok: Berserk           |       |     1 ||     1
  Use: Scroll            |       |     4 ||     4
 Stab: Sleeping          |       |     1 ||     1
Armor: Animal skin       |     1 |    11 ||    12
Dodge: Dodged            |    41 |    43 ||    84
